 Dungeon Crawl Stone Soup version 0.32-a0-120-gfac0567ad4 (webtiles) character file.

Game seed: 1721184431848358356

65 PriceMaster the Conjurer (level 4, -4/27 HPs)
             Began as an Octopode Conjurer on Feb 7, 2024.
             Killed by an exploding orc priest (31 damage)
             ... ignited by their inner flame
             ... on level 3 of the Dungeon.
             The game lasted 00:04:34 (2132 turns).

PriceMaster the Conjurer (Octopode Conjurer)        Turns: 2132, Time: 00:04:35

Health: -4/27      AC: 12    Str:  6    XL:     4   Next: 13%
Magic:  7/7        EV: 18    Int: 22    God:
Gold:   115        SH:  0    Dex: 10    Spells: 5/8 levels left

rFire   . . .        i - melded +0 long sword
rCold   . . .        (shield currently unavailable)
rNeg    + + +        (helmet currently unavailable)
rPois   +            (no amulet)
rElec   .            (no ring)
rCorr   .            (no ring)
SInv    .            (no ring)
Will    .....        (no ring)
Stlth   ++           (no ring)
HPRegen 0.24/turn    (no ring)
MPRegen 0.10/turn    (no ring)
                     (no ring)

%: no passive effects
@: brilliant, fungus-form (expiring)
A: melee confuse, terrified, no casting, almost no armour, (amphibious), 8
rings, tiny, (camouflage 1), (gelatinous body 1), (nimble swimmer 1),
(tentacles)
a: no special abilities


You were on level 3 of the Dungeon.
You were a sentient fungus.
You visited 1 branch of the dungeon, and saw 3 of its levels.

You collected 115 gold pieces.

Inventory:

Hand Weapons
 i - a +0 long sword (melded)
Scrolls
 e - 2 scrolls of identify {unknown}
 g - a scroll of teleportation {unknown}
 h - a scroll of revelation {unknown}
Potions
 a - 2 potions of magic
 d - 3 potions of lignification


   Skills:
 + Level 2.1 Dodging
 + Level 3.0 Stealth
 + Level 2.6 Spellcasting
 * Level 5.0 Conjurations


You had 5 spell levels left.
You knew the following spells:

 Your Spells              Type           Power      Damage    Failure   Level
a - Magic Dart            Conj           100%       1d8       1%          1
b - Searing Ray           Conj           74%        2d7       2%          2

Your spell library contained the following spells:

 Spells                   Type           Power      Damage    Failure   Level
 Foxfire                  Conj/Fire      84%        2x1d8     4%          1
 Fulminant Prism          Conj/Alch      10%        3d8       41%         4
 Iskenderun's Mystic Bla  Conj/Tloc      21%        2d6       41%         4
 Plasma Beam              Fire/Air       2%         2x1d12    100%        6
 Starburst                Conj/Fire      10%        6d5       100%        6


Dungeon Overview and Level Annotations

Branches:
Dungeon (3/15)

Altars:
Xom

Portals:
Abyss: D:3

Annotations:
D:3 2 transporters, Azoth's ghost, amateur DEHu


Innate Abilities, Weirdness & Mutations

You are a sentient fungus.
You are tiny and evasive.
Your melee attack releases spores that confuse breathing creatures.
You become terrified and freeze when enemies are visible.
Your armour is entirely melded.
You are incapable of wielding weapons or throwing items.
You cannot cast spells.
You cannot wear most types of armour.
((You are amphibious.))
You can wear up to eight rings at the same time.
((Your skin changes colour to match your surroundings (Stealth+).))
((Your rubbery body absorbs attacks. (AC +1, EV +1)))
((You are camouflaged when in or above water. (Stealth+)))
((You have tentacles for arms and can constrict up to eight enemies at once.))


Message History

The orc barely misses you. The orc priest misses you.
As you read the scroll labelled PODOFR IRPHEFA, it crumbles to dust.
The creatures around you are filled with an inner flame!
It was a scroll of immolation.
The orc hits you but does no damage. The orc priest completely misses you.
The orc barely misses you.
Unknown command.
Okay, then.
Okay, then.
You can't do that in your present form.
You're too terrified to move while being watched!
There are no items here.
You can't do that in your present form.
You're too terrified to move while being watched!
You can't do that in your present form.
You can't do that in your present form.
Sorry, you're not good enough to have a special ability.
You can't do that in your present form.
Unknown command.
You can't do that in your present form.
You can't do that in your present form.
You closely miss the orc priest. The orc closely misses you.
The orc priest closely misses you. The orc priest misses you.
The orc misses you.
You barely miss the orc priest. The orc misses you.
The orc priest hits you but does no damage.
The orc hits you but does no damage. The orc priest misses you.
You barely miss the orc priest.
Your transformation is almost over.
The orc misses you. The orc priest closely misses you.
The orc completely misses you.
You release spores at the orc priest!
Flame seeps out of the orc priest.
The orc priest appears confused.
The orc priest is heavily wounded.
The orc hits you but does no damage.
The orc priest hits you but does no damage.
The orc priest is engulfed in blazing flames.
The orc priest explodes!
The fiery explosion engulfs the orc!!!
The fiery explosion engulfs you!!
Ouch! That really hurt!
You die...

# <# ..## ....#######
## ..........# .##
#..##.##.#######o§####
#..............f○r..[#
#).............§o§....#
#...####.......###....#
##...#^K###...###x#
.... .#...##.. ##..# ^.
.#. .#....#.#5 #### x##
.. .....##.#∩.5Wx ## #
#...##.#^ ##.##
#..©#©.# ..#


You could see 2 small abominations, an orc priest (inner flame), a quasit, an
orc (inner flame) and a rat (inner flame).

Vanquished Creatures
  An orc priest (D:3)
  3 adders (D:2)
  A ribbon worm (D:3)
  3 dart slugs
  An orc (D:3)
  6 ball pythons
  2 bats
  2 endoplasms
  4 giant cockroaches
  A hobgoblin (D:2)
  A quokka (D:1)
  5 kobolds
  A rat (D:1)
31 creatures vanquished.

Notes
Turn   | Place    | Note
-------+----------+-------------------------------------------
     0 | D:1      | PriceMaster the Octopode Conjurer began the quest for the
                  | Orb.
     0 | D:1      | Reached XP level 1. HP: 11/11 MP: 3/3
   204 | D:1      | Reached XP level 2. HP: 17/17 MP: 1/5
   908 | D:1      | Learned a level 2 spell: Searing Ray
   938 | D:2      | Reached XP level 3. HP: 21/21 MP: 2/6
  1446 | D:2      | Reached skill level 5 in Conjurations
  1492 | D:2      | Found a shimmering altar of Xom.
  1611 | D:2      | Reached XP level 4. HP: 21/27 MP: 3/7
  2025 | D:3      | Found a transporter.
  2030 | D:3      | Found a transporter.
  2099 | D:3      | Found a one-way gate to the infinite horrors of the Abyss.
  2099 | D:3      | Noticed Azoth's ghost (amateur DEHu)
  2106 | D:3      | Noticed a small abomination
  2114 | D:3      | Noticed a small abomination
  2119 | D:3      | Noticed a small abomination
  2132 | D:3      | Killed by an exploding orc priest... ignited by their inner
                  | flame

Illustrated notes

Levels and vault maps discovered:
D:1:      giann_forest_graveyard, layout_basic
D:2:      cheibrodos_old_hovel, layout_basic, basic_altar
D:3:      layout_rooms, mainiacjoe_overflow_surrounded_room, serial_shops, shop,
          gup_sewer_entry_bubbles, gammafunk_ghost_abyssal_escape,
          wander_ebering_terrifying_dragon_lair, uniq_robin

Skill      XL: |  1  2  3  4 |
---------------+-------------+-----
Conjurations   | 5 |  5.0
Stealth        | 3 |  3.0
Dodging        | |  2.1
Spellcasting   | |  2.6

Action                     |  1- 3 |  4- 6 || total
---------------------------+-------+-------++-------
  Melee: Unarmed           |     7 |     8 ||    15
         Tentacles         |     2 |       ||     2
         Constrict         |     2 |       ||     2
   Cast: Magic Dart        |    43 |    10 ||    53
         Searing Ray       |     4 |       ||     4
    Use: Scroll            |       |     2 ||     2
         Potion            |       |     2 ||     2
 Armour: Skin              |     8 |     8 ||    16
  Dodge: Dodged            |     9 |    23 ||    32

Table legend: (Time is in decaauts)
 A = Elapsed time spent in this place.
 B = Non-inter-level travel time spent in this place.
 C = Inter-level travel time spent in this place.
 D = Time resting spent in this place.
 E = Time spent auto-exploring this place.
 F = Levels seen in this place.
 G = Mean time per level.
                   A        B        C        D        E       F      G
               +--------+--------+--------+--------+--------+-----+--------+
         Total |   2130 |   2086 |     44 |    100 |   1803 |   3 |  710.0 |
       Dungeon |   2130 |   2086 |     44 |    100 |   1803 |   3 |  710.0 |
               +--------+--------+--------+--------+--------+-----+--------+

Top non-repeatable levels by time:
     D:2: 1059 daAuts
     D:1: 931 daAuts
     D:3: 140 daAuts
